[ PARTIDA AOE2 · #493702103 ]
UnrankedMalayos vs Gurjaras
Equipo del jugador · VICT
Equipo rival · DERR
[ ANÁLISIS DE REPETICIÓN · EXTRAÍDO DE LA PARTIDA GRABADA ]
Feudal
11:43
Castillos
14:41
Imperial
30:42
| APM promedio | 54.4 |
| APM pico | 98 |
| eAPM promedio | 35.0 |
| Aldeanos / militares | 181 / 94 |
Foco
⚔️ 45.1% · 🌾 54.9%
Spearman ×37 · Archer ×33 · Karambit Warrior ×10 · Mangonel ×8 · Scorpion ×2 · Trebuchet (Packed) ×2
Feudal
9:41
Castillos
26:27
Imperial
42:25
| APM promedio | 86.1 |
| APM pico | 211 |
| eAPM promedio | 47.5 |
| Aldeanos / militares | 152 / 158 |
Foco
⚔️ 55.9% · 🌾 44.1%
Shrivamsha Rider ×51 · Skirmisher ×26 · Archer ×24 · Chakram Thrower ×22 · Scout Cavalry ×20 · Armored Elephant ×6
Mapa de la partida
Recursos iniciales + cada clic de construcción. Líneas = muros · curvas = relieve. ◆ oro · ⬟ piedra · ● bayas · ✦ reliquia · ◌ hueco del cierre
Tu base· ✓ Cerrada en 14:41 · 42t muro · 3 puerta(s)
Base de SVTT | Альпинист· ✓ Cerrada en 26:27 · 18t muro · 3 puerta(s)
Terreno inicial suavizado · ◌ = hueco del cierre detectado · pasá el cursor para detalles
Inputs por minuto
— The Illusionist - - SVTT | Альпинист
Build order — The Illusionist
Primeras 150 de 538 acciones detectadas
| 0:00 | Crear | Villager (Male) |
| 0:00 | Crear | Villager (Male) |
| 0:01 | Crear | Villager (Male) |
| 0:02 | Construir | House |
| 0:03 | Construir | House |
| 0:23 | Crear | Villager (Male) |
| 1:20 | Crear | Villager (Male) |
| 1:20 | Crear | Villager (Male) |
| 1:56 | Crear | Villager (Male) |
| 2:10 | Construir | Lumber Camp |
| 2:30 | Crear | Villager (Male) |
| 2:30 | Crear | Villager (Male) |
| 2:50 | Crear | Villager (Male) |
| 2:50 | Crear | Villager (Male) |
| 3:15 | Crear | Villager (Male) |
| 4:02 | Construir | House |
| 4:06 | Crear | Villager (Male) |
| 4:06 | Crear | Villager (Male) |
| 4:35 | Construir | Palisade Wall |
| 4:39 | Construir | Palisade Gate |
| 4:41 | Construir | Palisade Wall |
| 4:45 | Construir | Palisade Wall |
| 4:48 | Crear | Villager (Male) |
| 4:51 | Construir | Palisade Wall |
| 4:56 | Construir | Palisade Wall |
| 4:59 | Construir | Palisade Wall |
| 5:00 | Crear | Villager (Male) |
| 5:04 | Construir | Palisade Wall |
| 5:07 | Construir | Palisade Wall |
| 5:13 | Construir | Palisade Wall |
| 5:16 | Construir | Mill |
| 5:17 | Construir | Palisade Wall |
| 5:29 | Crear | Villager (Male) |
| 5:53 | Construir | House |
| 6:01 | Construir | House |
| 6:09 | Crear | Villager (Male) |
| 6:10 | Crear | Villager (Male) |
| 6:10 | Crear | Villager (Male) |
| 6:41 | Construir | House |
| 6:43 | Crear | Villager (Male) |
| 6:43 | Crear | Villager (Male) |
| 7:29 | Construir | Lumber Camp |
| 7:57 | Crear | Villager (Male) |
| 7:58 | Crear | Villager (Male) |
| 7:58 | Crear | Villager (Male) |
| 8:27 | Crear | Villager (Male) |
| 8:27 | Crear | Villager (Male) |
| 8:51 | Construir | House |
| 8:57 | Crear | Villager (Male) |
| 9:17 | Construir | Mining Camp |
| 9:47 | Investigar | Loom |
| 9:49 | Construir | Palisade Wall |
| 9:57 | Construir | Palisade Wall |
| 10:20 | Investigar | Feudal Age |
| 10:20 | Investigar | Feudal Age |
| 11:17 | Crear | Villager (Male) |
| 11:17 | Crear | Villager (Male) |
| 11:43 | Edad | Edad Feudal |
| 11:44 | Construir | Watch Tower |
| 11:49 | Construir | Stone Wall |
| 11:51 | Crear | Villager (Male) |
| 11:52 | Construir | House |
| 12:00 | Construir | Blacksmith |
| 12:12 | Construir | Market |
| 12:15 | Construir | Market |
| 12:35 | Construir | Palisade Wall |
| 12:47 | Construir | Palisade Wall |
| 12:49 | Construir | Palisade Wall |
| 13:05 | Investigar | Castle Age |
| 13:06 | Investigar | Double-Bit Axe |
| 13:06 | Investigar | Horse Collar |
| 13:11 | Construir | Palisade Wall |
| 13:15 | Construir | Palisade Wall |
| 13:19 | Construir | Palisade Wall |
| 13:36 | Construir | Palisade Wall |
| 13:37 | Construir | Palisade Wall |
| 13:38 | Construir | Palisade Wall |
| 13:47 | Construir | Palisade Wall |
| 13:48 | Construir | Palisade Wall |
| 13:54 | Construir | Palisade Wall |
| 14:10 | Construir | Palisade Wall |
| 14:11 | Construir | Palisade Wall |
| 14:16 | Construir | Palisade Wall |
| 14:18 | Construir | Palisade Wall |
| 14:25 | Construir | Gate |
| 14:36 | Construir | Palisade Wall |
| 14:37 | Construir | Palisade Wall |
| 14:38 | Construir | Palisade Wall |
| 14:39 | Construir | Palisade Wall |
| 14:41 | Edad | Edad de los Castillos |
| 14:43 | Construir | Siege Workshop |
| 14:43 | Crear | Villager (Male) |
| 14:44 | Crear | Villager (Male) |
| 14:58 | Construir | Farm |
| 14:58 | Construir | Farm |
| 14:59 | Construir | Farm |
| 14:59 | Construir | Farm |
| 14:59 | Construir | Farm |
| 15:13 | Crear | Mangonel |
| 15:29 | Crear | Villager (Male) |
| 15:46 | Construir | Farm |
| 15:54 | Crear | Villager (Male) |
| 16:10 | Crear | Mangonel |
| 16:10 | Crear | Mangonel |
| 16:11 | Crear | Villager (Male) |
| 16:28 | Construir | Farm |
| 16:33 | Crear | Villager (Male) |
| 16:51 | Crear | Villager (Male) |
| 16:52 | Construir | Farm |
| 17:12 | Crear | Villager (Male) |
| 17:12 | Crear | Villager (Male) |
| 17:14 | Construir | Town Center |
| 17:34 | Crear | Villager (Male) |
| 17:34 | Crear | Villager (Male) |
| 17:35 | Construir | Farm |
| 17:36 | Crear | Villager (Male) |
| 17:42 | Construir | House |
| 17:44 | Investigar | Town Watch |
| 17:52 | Construir | Palisade Wall |
| 17:54 | Construir | Farm |
| 18:11 | Crear | Villager (Male) |
| 18:14 | Construir | Farm |
| 18:15 | Construir | Farm |
| 18:16 | Construir | Farm |
| 18:19 | Construir | Palisade Wall |
| 18:23 | Crear | Villager (Male) |
| 18:23 | Crear | Villager (Male) |
| 18:32 | Construir | Palisade Wall |
| 18:39 | Crear | Villager (Male) |
| 18:41 | Crear | Mangonel |
| 18:46 | Construir | House |
| 18:58 | Crear | Villager (Male) |
| 18:58 | Crear | Villager (Male) |
| 19:06 | Crear | Villager (Male) |
| 19:06 | Crear | Villager (Male) |
| 19:07 | Crear | Villager (Male) |
| 19:12 | Crear | Villager (Male) |
| 19:13 | Crear | Villager (Male) |
| 19:32 | Crear | Villager (Male) |
| 19:35 | Crear | Villager (Male) |
| 19:36 | Crear | Villager (Male) |
| 19:37 | Construir | Farm |
| 19:53 | Construir | House |
| 19:59 | Crear | Villager (Male) |
| 19:59 | Crear | Scorpion |
| 20:02 | Crear | Villager (Male) |
| 20:15 | Crear | Villager (Male) |
| 20:16 | Construir | House |
| 20:29 | Crear | Villager (Male) |
| 20:33 | Crear | Villager (Male) |
Build order — SVTT | Альпинист
Primeras 150 de 461 acciones detectadas
| 0:00 | Crear | Villager (Male) |
| 0:01 | Crear | Villager (Male) |
| 0:02 | Construir | House |
| 0:02 | Crear | Villager (Male) |
| 0:02 | Construir | House |
| 0:06 | Crear | Villager (Male) |
| 0:06 | Crear | Villager (Male) |
| 0:52 | Construir | Mill |
| 1:29 | Crear | Villager (Male) |
| 1:29 | Crear | Villager (Male) |
| 1:38 | Construir | Palisade Wall |
| 1:52 | Crear | Villager (Male) |
| 2:05 | Construir | Palisade Wall |
| 2:07 | Construir | Palisade Wall |
| 2:09 | Construir | Palisade Wall |
| 2:12 | Construir | Palisade Wall |
| 2:14 | Construir | Palisade Wall |
| 2:17 | Construir | Palisade Wall |
| 2:18 | Crear | Villager (Male) |
| 2:19 | Crear | Villager (Male) |
| 2:20 | Construir | Palisade Wall |
| 2:22 | Construir | Palisade Wall |
| 2:25 | Construir | Palisade Wall |
| 2:29 | Construir | Palisade Wall |
| 2:30 | Crear | Villager (Male) |
| 2:30 | Crear | Villager (Male) |
| 2:33 | Construir | Palisade Wall |
| 2:34 | Construir | Palisade Wall |
| 2:37 | Construir | Palisade Wall |
| 2:40 | Construir | Palisade Wall |
| 2:43 | Construir | Palisade Wall |
| 2:46 | Construir | Palisade Wall |
| 2:49 | Construir | Palisade Wall |
| 2:56 | Crear | Villager (Male) |
| 3:28 | Crear | Villager (Male) |
| 3:28 | Crear | Villager (Male) |
| 4:01 | Crear | Villager (Male) |
| 4:02 | Crear | Villager (Male) |
| 4:02 | Crear | Villager (Male) |
| 4:15 | Construir | House |
| 4:27 | Crear | Villager (Male) |
| 4:53 | Crear | Villager (Male) |
| 5:08 | Crear | Villager (Male) |
| 5:09 | Crear | Villager (Male) |
| 5:16 | Crear | Villager (Male) |
| 5:16 | Crear | Villager (Male) |
| 5:43 | Crear | Villager (Male) |
| 5:43 | Crear | Villager (Male) |
| 5:44 | Construir | Lumber Camp |
| 5:47 | Construir | House |
| 5:53 | Crear | Villager (Male) |
| 5:53 | Crear | Villager (Male) |
| 6:20 | Crear | Villager (Male) |
| 6:20 | Crear | Villager (Male) |
| 6:39 | Investigar | Loom |
| 7:00 | Investigar | Feudal Age |
| 7:00 | Investigar | Feudal Age |
| 7:09 | Construir | Mining Camp |
| 8:09 | Construir | Barracks |
| 8:14 | Crear | Villager (Male) |
| 9:26 | Crear | Villager (Male) |
| 9:41 | Edad | Edad Feudal |
| 9:43 | Construir | Watch Tower |
| 9:50 | Construir | Archery Range |
| 10:02 | Construir | House |
| 10:05 | Crear | Villager (Male) |
| 10:19 | Crear | Villager (Male) |
| 10:41 | Crear | Villager (Male) |
| 10:43 | Construir | Blacksmith |
| 10:50 | Crear | Archer |
| 10:57 | Crear | Archer |
| 10:57 | Crear | Archer |
| 11:00 | Crear | Villager (Male) |
| 11:00 | Crear | Villager (Male) |
| 11:00 | Crear | Villager (Male) |
| 11:00 | Crear | Villager (Male) |
| 11:00 | Crear | Villager (Male) |
| 11:07 | Crear | Archer |
| 11:09 | Crear | Villager (Male) |
| 11:28 | Crear | Archer |
| 11:28 | Crear | Archer |
| 11:32 | Crear | Villager (Male) |
| 11:32 | Crear | Villager (Male) |
| 11:39 | Investigar | Fletching |
| 11:39 | Investigar | Fletching |
| 11:57 | Crear | Archer |
| 11:58 | Crear | Archer |
| 12:03 | Construir | Watch Tower |
| 12:13 | Crear | Villager (Male) |
| 12:13 | Crear | Villager (Male) |
| 12:13 | Crear | Villager (Male) |
| 12:14 | Construir | House |
| 12:25 | Crear | Villager (Male) |
| 12:25 | Crear | Villager (Male) |
| 12:30 | Construir | Mining Camp |
| 12:32 | Construir | House |
| 12:33 | Construir | House |
| 12:35 | Crear | Archer |
| 13:00 | Crear | Villager (Male) |
| 13:00 | Crear | Villager (Male) |
| 13:00 | Crear | Villager (Male) |
| 13:01 | Crear | Villager (Male) |
| 13:05 | Investigar | Double-Bit Axe |
| 13:05 | Investigar | Double-Bit Axe |
| 13:06 | Investigar | Horse Collar |
| 13:06 | Investigar | Horse Collar |
| 13:29 | Construir | House |
| 13:32 | Crear | Archer |
| 13:39 | Crear | Villager (Male) |
| 13:39 | Crear | Villager (Male) |
| 13:44 | Construir | Farm |
| 13:59 | Construir | House |
| 14:19 | Crear | Villager (Male) |
| 14:20 | Crear | Villager (Male) |
| 14:23 | Construir | House |
| 14:37 | Crear | Villager (Male) |
| 14:37 | Crear | Villager (Male) |
| 14:46 | Crear | Spearman |
| 14:59 | Construir | Watch Tower |
| 15:06 | Construir | Stable |
| 15:10 | Construir | Farm |
| 15:12 | Construir | Farm |
| 15:15 | Construir | Farm |
| 15:23 | Crear | Archer |
| 15:27 | Crear | Villager (Male) |
| 15:27 | Crear | Villager (Male) |
| 15:39 | Crear | Villager (Male) |
| 15:39 | Crear | Villager (Male) |
| 15:59 | Construir | Watch Tower |
| 16:14 | Crear | Scout Cavalry |
| 16:15 | Crear | Scout Cavalry |
| 16:23 | Construir | Watch Tower |
| 16:33 | Construir | Watch Tower |
| 16:50 | Crear | Villager (Male) |
| 16:54 | Construir | Farm |
| 16:54 | Construir | Farm |
| 16:55 | Construir | Farm |
| 16:55 | Construir | Farm |
| 17:24 | Crear | Villager (Male) |
| 17:25 | Crear | Villager (Male) |
| 17:25 | Crear | Villager (Male) |
| 17:26 | Construir | Farm |
| 17:40 | Construir | Watch Tower |
| 17:45 | Crear | Archer |
| 17:45 | Crear | Archer |
| 17:50 | Crear | Scout Cavalry |
| 17:50 | Crear | Scout Cavalry |
| 17:50 | Crear | Scout Cavalry |
| 17:52 | Construir | Farm |
| 18:10 | Crear | Archer |
Cronología de la partida
| 1:38 | SVTT | Альпинист · wall_segment Palisade Wall x1 |
| 2:05 | SVTT | Альпинист · wall_segment Palisade Wall x1 |
| 2:07 | SVTT | Альпинист · wall_segment Palisade Wall x1 |
| 2:09 | SVTT | Альпинист · wall_segment Palisade Wall x1 |
| 2:12 | SVTT | Альпинист · wall_segment Palisade Wall x1 |
| 2:14 | SVTT | Альпинист · wall_segment Palisade Wall x1 |
| 2:17 | SVTT | Альпинист · wall_segment Palisade Wall x1 |
| 2:20 | SVTT | Альпинист · wall_segment Palisade Wall x1 |
| 2:22 | SVTT | Альпинист · wall_segment Palisade Wall x1 |
| 2:25 | SVTT | Альпинист · wall_segment Palisade Wall x1 |
| 2:29 | SVTT | Альпинист · wall_segment Palisade Wall x1 |
| 2:33 | SVTT | Альпинист · wall_segment Palisade Wall x1 |
| 2:34 | SVTT | Альпинист · wall_segment Palisade Wall x1 |
| 2:37 | SVTT | Альпинист · wall_segment Palisade Wall x1 |
| 2:40 | SVTT | Альпинист · wall_segment Palisade Wall x1 |
| 2:43 | SVTT | Альпинист · wall_segment Palisade Wall x1 |
| 2:46 | SVTT | Альпинист · wall_segment Palisade Wall x1 |
| 2:49 | SVTT | Альпинист · wall_segment Palisade Wall x1 |
| 4:35 | The Illusionist · wall_segment Palisade Wall x1 |
| 4:41 | The Illusionist · wall_segment Palisade Wall x1 |
| 4:45 | The Illusionist · wall_segment Palisade Wall x1 |
| 4:51 | The Illusionist · wall_segment Palisade Wall x1 |
| 4:56 | The Illusionist · wall_segment Palisade Wall x1 |
| 4:59 | The Illusionist · wall_segment Palisade Wall x1 |
| 5:04 | The Illusionist · wall_segment Palisade Wall x1 |
| 5:07 | The Illusionist · wall_segment Palisade Wall x1 |
| 5:13 | The Illusionist · wall_segment Palisade Wall x1 |
| 5:17 | The Illusionist · wall_segment Palisade Wall x1 |
| 8:09 | SVTT | Альпинист · first_building Barracks |
| 9:41 | SVTT | Альпинист · age_up feudal |
| 9:49 | The Illusionist · wall_segment Palisade Wall x1 |
| 9:50 | SVTT | Альпинист · first_building Archery Range |
| 9:57 | The Illusionist · wall_segment Palisade Wall x1 |
| 11:43 | The Illusionist · age_up feudal |
| 11:49 | The Illusionist · wall_segment Stone Wall x1 |
| 12:35 | The Illusionist · wall_segment Palisade Wall x7 |
| 12:47 | The Illusionist · wall_segment Palisade Wall x1 |
| 12:49 | The Illusionist · wall_segment Palisade Wall x1 |
| 13:11 | The Illusionist · wall_segment Palisade Wall x1 |
| 13:15 | The Illusionist · wall_segment Palisade Wall x1 |
| 13:19 | The Illusionist · wall_segment Palisade Wall x5 |
| 13:36 | The Illusionist · wall_segment Palisade Wall x1 |
| 13:37 | The Illusionist · wall_segment Palisade Wall x1 |
| 13:38 | The Illusionist · wall_segment Palisade Wall x1 |
| 13:47 | The Illusionist · wall_segment Palisade Wall x1 |
| 13:48 | The Illusionist · wall_segment Palisade Wall x1 |
| 13:54 | The Illusionist · wall_segment Palisade Wall x1 |
| 14:10 | The Illusionist · wall_segment Palisade Wall x1 |
| 14:11 | The Illusionist · wall_segment Palisade Wall x1 |
| 14:16 | The Illusionist · wall_segment Palisade Wall x1 |
| 14:18 | The Illusionist · wall_segment Palisade Wall x1 |
| 14:36 | The Illusionist · wall_segment Palisade Wall x1 |
| 14:37 | The Illusionist · wall_segment Palisade Wall x1 |
| 14:38 | The Illusionist · wall_segment Palisade Wall x1 |
| 14:39 | The Illusionist · wall_segment Palisade Wall x1 |
| 14:41 | The Illusionist · age_up castle |
| 14:43 | The Illusionist · first_building Siege Workshop |
| 15:06 | SVTT | Альпинист · first_building Stable |
| 17:52 | The Illusionist · wall_segment Palisade Wall x1 |
| 18:19 | The Illusionist · wall_segment Palisade Wall x1 |
| 18:32 | The Illusionist · wall_segment Palisade Wall x1 |
| 21:28 | The Illusionist · wall_segment Palisade Wall x1 |
| 21:45 | The Illusionist · first_market_buy 100 stone |
| 23:31 | The Illusionist · wall_segment Palisade Wall x4 |
| 24:37 | The Illusionist · first_market_sell 100 wood |
| 24:52 | The Illusionist · first_building Castle |
| 26:27 | SVTT | Альпинист · age_up castle |
| 26:35 | SVTT | Альпинист · first_building Siege Workshop |
| 26:54 | SVTT | Альпинист · first_market_sell 100 stone |
| 27:13 | SVTT | Альпинист · first_building Castle |
| 28:41 | The Illusionist · wall_segment Stone Wall x3 |
| 28:43 | The Illusionist · wall_segment Stone Wall x1 |
| 28:54 | The Illusionist · wall_segment Stone Wall x2 |
| 29:22 | The Illusionist · wall_segment Stone Wall x1 |
| 29:24 | The Illusionist · wall_segment Stone Wall x1 |
| 29:58 | SVTT | Альпинист · first_market_buy 100 food |
| 30:42 | The Illusionist · age_up imperial |
| 30:55 | The Illusionist · wall_segment Stone Wall x1 |
| 31:17 | The Illusionist · first_building Monastery |
| 31:19 | The Illusionist · first_building Barracks |
| 31:26 | The Illusionist · wall_segment Stone Wall x1 |
| 31:28 | The Illusionist · wall_segment Stone Wall x1 |
| 33:01 | The Illusionist · wall_segment Stone Wall x1 |
| 33:19 | The Illusionist · wall_segment Stone Wall x1 |
| 33:57 | The Illusionist · wall_segment Stone Wall x1 |
| 33:58 | The Illusionist · wall_segment Stone Wall x1 |
| 34:25 | The Illusionist · first_building Archery Range |
| 35:13 | SVTT | Альпинист · first_building Monastery |
| 35:34 | The Illusionist · wall_segment Stone Wall x2 |
| 35:35 | The Illusionist · wall_segment Stone Wall x1 |
| 37:37 | The Illusionist · wall_segment Stone Wall x1 |
| 38:44 | The Illusionist · wall_segment Stone Wall x2 |
| 42:25 | SVTT | Альпинист · age_up imperial |
| 43:52 | SVTT | Альпинист · resign |
[ ANÁLISIS IA · 1 CRÉDITO ]
¿Qué pasó realmente en esta partida?
Wolo.gg analiza cada decisión: build order, eco, micro, errores típicos por bracket. Análisis personalizado por WhatsApp o Discord en 30 segundos.
Guía civ
Malayos
Perfil
The Illusionist